 Dungeon Crawl Stone Soup version 0.30.1-9-gdf580d7c3d (webtiles) character file.

Game seed: 7618984567168051225

68 Zonian the Chiller (level 4, -3/36 HPs)
             Began as a Deep Elf Ice Elementalist on Oct 3, 2023.
             Was an Initiate of Gozag.
             Slain by an ogre
             ... wielding a +0 giant spiked club
              (15 damage)
             ... on level 4 of the Dungeon.
             The game lasted 00:05:51 (3289 turns).

Zonian the Chiller (Deep Elf Ice Elementalist)      Turns: 3289, Time: 00:05:51

Health: -3/36      AC: 22    Str:  5    XL:     4   Next: 1%
Magic:  9/12       EV:  2    Int: 20    God:    Gozag
Gold:   1343       SH:  0    Dex: 17    Spells: 4/11 levels left

rFire   . . .        i - +0 sling
rCold   . . .        (no shield)
rNeg    . . .        m - melded +6 leather armour of Greed {Rampage rElec}
rPois   +            (helmet currently unavailable)
rElec   .            k - melded +1 cloak
rCorr   +            (gloves currently unavailable)
SInv    .            (boots currently unavailable)
Will    .....        (no amulet)
Stlth   ++           g - ring of resist corrosion
HPRegen 0.26/turn    (no ring)
MPRegen 0.13/turn

%: no passive effects
@: tree-form
A: stationary, stasis, torment immunity, boosted hp
a: Renounce Religion, Potion Petition, Call Merchant, Bribe Branch


You were on level 4 of the Dungeon.
You worshipped Gozag.
Gozag was most pleased with you.
You were a tree.
You visited 1 branch of the dungeon, and saw 4 of its levels.

You collected 1343 gold pieces.

Inventory:

Hand Weapons
 e - a +0 spear
 f - a +0 short sword
 i - a +0 sling (weapon)
Armour
 a - a +0 robe
 k - a +1 cloak (melded)
 m - the +6 leather armour of Greed (melded) {Rampage rElec}
   (You found it on level 2 of the Dungeon)

   rElec:     It insulates you from electricity.
   Rampage:   It bestows one free step when moving towards enemies.
Jewellery
 g - a ring of resist corrosion (left branch)
Potions
 b - a potion of magic
 c - a potion of curing {unknown}


   Skills:
 - Level 3.1 Dodging
 - Level 3.2 Stealth
 + Level 4.1 Spellcasting
 + Level 5.0 Ice Magic


You had 4 spell levels left.
You knew the following spells:

 Your Spells              Type           Power      Damage    Failure   Level
a - Freeze                Ice            96%        1d10      1%          1
b - Frozen Ramparts       Ice            48%        1d8       4%          3
c - Ozocubu's Armour      Ice            24%        N/A       4%          3

Your spell library contained the following spells:

 Spells                   Type           Power      Damage    Failure   Level
 Portal Projectile        Hex/Tloc       8%         N/A       36%         3
 Tukima's Dance           Hex            4%         N/A       36%         3
 Summon Ice Beast         Ice/Summ       14%        N/A       41%         4
 Blade Hands              Tmut           2%         N/A       98%         5


Dungeon Overview and Level Annotations

Branches:
Dungeon (3/15)

Altars:
Gozag
Trog
Yredelemnul

Shops:
D:1 ?*


Message History

Fire: i) +0 sling
Press: ? - help, Q - select action, (/) - cycle Shift-Dir - straight line, f - ogre
Aim: an ogre, wielding a +0 giant spiked club (72% to hit)
You shoot a sling bullet.
The sling bullet hits the ogre but does no damage.
Unknown command.
Fire: i) +0 sling
Press: ? - help, Q - select action, (/) - cycle Shift-Dir - straight line, f/p - ogre
Aim: an ogre, wielding a +0 giant spiked club (72% to hit)
You shoot a sling bullet. The sling bullet hits the ogre.
The ogre is lightly wounded.
The ogre hits you with a +0 giant spiked club!
Okay, then.
Casting: Freeze (safe; 1% risk of failure)
Confirm with . or Enter, or press ? or * to list all spells.
Aiming: Freeze (safe; 1% risk of failure)
Press: ? - help, Shift-Dir - straight line, f/p - ogre
Aim: an ogre, wielding a +0 giant spiked club (lightly wounded)
You freeze the ogre!
The ogre is moderately wounded.
Unknown command.
Casting: Freeze (safe; 1% risk of failure)
Confirm with . or Enter, or press ? or * to list all spells.
Aiming: Freeze (safe; 1% risk of failure)
Press: ? - help, Shift-Dir - straight line, f/p - ogre
Aim: an ogre, wielding a +0 giant spiked club (moderately wounded)
You freeze the ogre!
The ogre is severely wounded.
The ogre hits you with a +0 giant spiked club!
Unknown command.
Casting: Freeze (safe; 1% risk of failure)
Confirm with . or Enter, or press ? or * to list all spells.
Aiming: Freeze (safe; 1% risk of failure)
Press: ? - help, Shift-Dir - straight line, f/p - ogre
Aim: an ogre, wielding a +0 giant spiked club (severely wounded)
You freeze the ogre.
The ogre is almost dead.
The ogre hits you with a +0 giant spiked club!
You die...
Your body crumbles into a pile of gold.

#.....##'##....,##+##,,,,,+,*
##...##...##...##...##,,,****
,##.##.....##.##.....##,**
,,+'#...8...#''.......#+*
,##.##.....##.##.....##,*
##...##...##...##...##,.*
#..⌠..##'##..⌠..##'##..#*
##...##...##...##......#
,##.##.....##.##♣......#
,,#+#.......#'##O......#
*,.............#.......#
*,...####.....##.......#
*##+#***#.....##.......#
,,,,,,........#........#
,,,,,..(......#........#
*,,,,.........#.<......#
*,,,,##.......#*,,,,,,,*


You could see an ogre.

Vanquished Creatures
  4 adders
  An orc (D:3)
  4 ball pythons
  3 endoplasms
  A giant cockroach (D:1)
  4 hobgoblins
  2 quokkas (D:1)
  2 bats
  2 frilled lizards
  5 kobolds
  3 rats
31 creatures vanquished.

Notes
Turn   | Place    | Note
-------+----------+-------------------------------------------
     0 | D:1      | Zonian the Deep Elf Ice Elementalist began the quest for
                  | the Orb.
     0 | D:1      | Reached XP level 1. HP: 10/10 MP: 6/6
   414 | D:1      | Found Hompiuja's Assorted Antiques.
   460 | D:1      | Found Kocerekk's Magic Scroll Boutique.
   797 | D:1      | Reached XP level 2. HP: 3/15 MP: 6/8
  1587 | D:2      | Reached XP level 3. HP: 7/19 MP: 6/10
  1919 | D:2      | Identified the +6 leather armour of Greed {Rampage rElec}
  2044 | D:2      | Found a faded altar of an unknown god.
  2051 | D:2      | Prayed at the altar of an unknown god.
  2051 | D:2      | Became a worshipper of Gozag Ym Sagoz the Greedy
  2593 | D:3      | Learned a level 3 spell: Frozen Ramparts
  2597 | D:3      | Learned a level 3 spell: Ozocubu's Armour
  2657 | D:3      | Found a bloodstained altar of Trog.
  2658 | D:3      | Found a basalt altar of Yredelemnul.
  2816 | D:3      | Reached skill level 5 in Ice Magic
  3156 | D:3      | Identified a scroll of acquirement
  3156 | D:3      | Acquired 1232 gold pieces
  3213 | D:3      | You fall into a shaft and drop 1 floor!
  3244 | D:4      | Reached XP level 4. HP: 18/24 MP: 12/12
  3281 | D:4      | Noticed an ogre
  3289 | D:4      | Slain by an ogre

Illustrated notes

Levels and vault maps discovered:
D:1:      dpeg_chamrin_arrival_tetris, layout_loops_corners, serial_shops,
          nicolae_shop_crystal, shop, nicolae_concentric_dashed_squares_wild,
          minmay_pentomino_w2
D:2:      layout_loops_corners, dreamdust_ecumenical_altar_hidden_monk_grotto
D:3:      layout_basic, mainiacjoe_overflow_divided_tiny,
          nicolae_wu_jian_immortal_techniques
D:4:      layout_gridville, elyvilon_altar_1, nicolae_hexahallways,
          palyth_stone_intersect

Skill      XL: |  1  2  3 |
---------------+----------+-----
Stealth        | 3 |  3.2
Dodging        | 3 |  3.1
Spellcasting   | 4 |  4.1
Ice Magic      | 5 |  5.0

Action                     |  1- 3 |  4- 6 || total
---------------------------+-------+-------++-------
  Melee: Spear             |    31 |       ||    31
         Unarmed           |     1 |       ||     1
         Short sword       |    40 |       ||    40
   Fire: Sling             |       |     2 ||     2
   Cast: Freeze            |    30 |     3 ||    33
    Use: Scroll            |     6 |       ||     6
         Potion            |       |     1 ||     1
   Stab: Sleeping          |     6 |       ||     6
         Distracted        |     1 |       ||     1
 Armour: Robe              |     4 |       ||     4
         Leather armour    |    20 |       ||    20
  Dodge: Dodged            |    47 |       ||    47
